 Dungeon Crawl Stone Soup version 0.24-a0-252-g5076262 (webtiles) character file.

Game seed: 1876086390446193386

690 Borgoz the Cutter (level 7, 0/42 HPs)
             Began as a Gargoyle Gladiator on Apr 17, 2019.
             Slain by an elf zombie (5 damage)
             ... in an ossuary.
             The game lasted 00:05:38 (2813 turns).

Borgoz the Cutter (Gargoyle Gladiator)              Turns: 2813, Time: 00:05:39

Health: 0/42       AC:  9    Str: 18    XL:     7   Next: 63%
Magic:  7/7        EV: 13    Int:  8    God:
Gold:   221        SH:  0    Dex: 13    Spells: 6/6 levels left

rFire    . . .     SeeInvis .   a - +1 rapier
rCold    . . .     Gourm    .   (no shield)
rNeg     + . .     Faith    .   b - +0 leather armour
rPois    ∞         Spirit   .   c - +0 helmet
rElec    +         Reflect  .   (no cloak)
rCorr    .         Harm     .   (no gloves)
MR       .....                  (no boots)
Stlth    ++........             (no amulet)
HPRegen  0.14/turn              (no ring)
MPRegen  0.10/turn              (no ring)

@: no status effects
A: negative energy resistance 1, electricity resistance, unbreathing,
petrification resistance, rot immunity, AC +4
a: no special abilities


You were in an ossuary.
You were very hungry.

You visited 1 branch of the dungeon, and saw 4 of its levels.
You also visited: Ossuary.

You collected 221 gold pieces.

Inventory:

Hand Weapons
 a - a +1 rapier (weapon)
Missiles
 d - 3 throwing nets (quivered)
Armour
 b - a +0 leather armour (worn)
 c - a +0 helmet (worn)
Jewellery
 v - a +2 ring of evasion {unknown}
Scrolls
 g - 3 scrolls of identify
 h - 2 scrolls of amnesia
 k - a scroll of blinking
 l - 3 scrolls of teleportation
 m - a scroll of fear
Potions
 e - 5 potions of invisibility
 i - a potion of lignification
 j - 2 potions of resistance
 n - 2 potions of degeneration {unknown}
 q - a potion of haste
 r - 7 potions of curing
 t - a potion of heal wounds {unknown}
Comestibles
 f - 8 rations


   Skills:
 + Level 3.7 Fighting
 * Level 4.8 Short Blades
 - Level 1.7 Throwing
 + Level 3.0 Armour
 * Level 4.3 Dodging
 + Level 3.4 Stealth


You had 6 spell levels left.
You didn't know any spells.
Your spell library was empty.

Dungeon Overview and Level Annotations

Branches:
Dungeon (4/15)
 Temple: D:4-7

Altars:
Nemelex Xobeh

Annotations:
D:3 3 runed translucent doors, Borgoz's ghost, weakling KoGl; Crazy Yiuf


Innate Abilities, Weirdness & Mutations

You are resistant to torment.
Your stone body is resilient. (AC +4)
You are immune to poison.
You resist negative energy. (rN+)
You are resistant to electric shocks. (rElec)
You can survive without breathing.
You are immune to petrification.
You are immune to rotting.


Message History

The human zombie is almost destroyed.
The human zombie hits you but does no damage.
You puncture the human zombie!
You destroy the human zombie!
You puncture the elf zombie!
The elf zombie is lightly damaged.
The elf zombie hits you but does no damage.
You hit the elf zombie.
The elf zombie is moderately damaged.
You puncture the elf zombie!
The elf zombie is moderately damaged.
The elf zombie hits you but does no damage.
You hit the elf zombie but do no damage.
The elf zombie is moderately damaged.
The elf zombie hits you.
* * * LOW HITPOINT WARNING * * *
You hit the elf zombie.
The elf zombie is moderately damaged.
The elf zombie hits you.
You die...

###################
#.........∩∩.........#
#....................#
#...##############...#
#...#..Z#...# #...#
#...#..Z#...#### #...#
#...####@....... #...#
#...#.....∩.#### #...#
#...#.......# #...#
#...#.......# #...#
#...#.......####.#...#
#...#............#...#
#...#.####..####.#...#
#...#.#..#..# #...#
#...#....#^.# #...#


You could see an elf zombie and a human zombie.

Vanquished Creatures
  An ogre (D:4)
  An elf zombie (Ossuary)
  A scorpion (D:4)
  A human zombie (Ossuary)
  3 centaur zombies (Ossuary)
  An orc priest (D:3)
  Natasha (twice) (D:4)
  An orc wizard (D:3)
  2 mummies (Ossuary)
  10 adders
  2 oozes
  An adder zombie (Ossuary)
  2 worms
  3 dart slugs
  3 leopard geckos
  14 orcs
  3 giant cockroaches (D:2)
  5 goblins
  10 hobgoblins
  3 jackals (D:2)
  2 quokkas
  7 bats
  11 frilled lizards
  6 hobgoblin zombies (Ossuary)
  2 jackal zombies (Ossuary)
  10 kobolds
  7 kobold zombies (Ossuary)
  11 orc zombies (Ossuary)
  8 rats
  3 rat zombies (Ossuary)
136 creatures vanquished.

Notes
Turn   | Place    | Note
-------+----------+-------------------------------------------
     0 | D:1      | Borgoz the Gargoyle Gladiator began the quest for the Orb.
     0 | D:1      | Reached XP level 1. HP: 12/12 MP: 1/1
   122 | D:1      | Reached XP level 2. HP: 12/17 MP: 2/2
   484 | D:1      | Reached skill level 1 in Stealth
   565 | D:1      | Reached XP level 3. HP: 22/22 MP: 3/3
   770 | D:2      | Reached skill level 1 in Armour
   884 | D:2      | Reached XP level 4. HP: 27/27 MP: 4/4
  1302 | D:3      | Found a large runed translucent door.
  1302 | D:3      | Found a large runed translucent door.
  1477 | D:3      | Reached XP level 5. HP: 28/31 MP: 5/5
  1811 | D:3      | Found a sparkling altar of Nemelex Xobeh.
  2023 | D:3      | Found a runed translucent door.
  2024 | D:3      | Noticed Crazy Yiuf
  2266 | D:3      | Noticed Borgoz's ghost (weakling KoGl)
  2297 | D:4      | Reached XP level 6. HP: 36/36 MP: 6/6
  2494 | D:4      | Noticed Natasha
  2501 | D:4      | Killed Natasha
  2518 | D:4      | Noticed Natasha
  2527 | D:4      | Killed Natasha
  2527 | D:4      | Reached XP level 7. HP: 26/41 MP: 7/7
  2531 | D:4      | Found a sand-covered staircase.
  2546 | Ossuary  | Entered an ossuary
  2813 | Ossuary  | Slain by an elf zombie

Levels and vault maps discovered:
D:1:      onia_arrival_mini_spirals, layout_rooms, fountainhead
D:2:      layout_loops_ring, kennysheep_generic_room_3
D:3:      minmay_diamond_boxcup, layout_rooms, lemuel_crystal_altar,
          ebering_ghost_disaster_area, first_ration, minivault_27,
          uniq_crazy_yiuf_cottage
D:4:      layout_loops_cross, gup_sewer_entry_glass,
          lightli_ossuary_entry_decrepit_ruins, minmay_cupped, uniq_natasha
Ossuary:  ossuary_tomb_1

Skill      XL: |  1  2  3  4  5  6  7 |
---------------+----------------------+-----
Short Blades   | 3 4 |  4.8
Stealth        | 1 2 3 |  3.4
Armour         | 1 2 3 |  3.0
Dodging        | 3 4 |  4.3
Fighting       | 3 |  3.7
Throwing       | |  1.7

Action                   |  1- 3 |  4- 6 |  7- 9 || total
-------------------------+-------+-------+-------++-------
Melee: Rapier            |    93 |   260 |   173 ||   526
Throw: Throwing net      |       |     2 |       ||     2
  Use: Scroll            |       |    13 |       ||    13
 Stab: Sleeping          |       |     4 |       ||     4
  Eat: Chunk             |       |     5 |     1 ||     6
Armor: Leather armour    |    38 |   108 |    53 ||   199
Dodge: Dodged            |    57 |   163 |   107 ||   327

Table legend:
 A = Non-vault XP
 B = Vault XP
 C = Vault XP percentage of total XP
 D = Non-vault monster count
 E = Vault monster count
 F = Vault count percentage of total count
                 A         B        C        D         E       F
            +---------+---------+-------+---------+---------+-------
      Total |     573 |     414 |  41.9 |      87 |      49 |  36.0
            +---------+---------+-------+---------+---------+-------
        D:1 |      34 |       0 |   0.0 |      18 |       0 |   0.0
        D:2 |     115 |       4 |   3.4 |      31 |       2 |   6.1
        D:3 |     147 |      18 |  10.9 |      25 |       7 |  21.9
        D:4 |     277 |      44 |  13.7 |      13 |       3 |  18.8
    Ossuary |       0 |     348 | 100.0 |       0 |      37 | 100.0
            +---------+---------+-------+---------+---------+-------
